 Dungeon Crawl Stone Soup version 0.27-a0-906-g0a00ce863d (webtiles) character file.

Game seed: 1573205342830196415

9 Lanoc the Bolt Thrower (level 2, 0/18 HPs)
             Began as a Kobold Hunter on Apr 7, 2021.
             Was a Follower of Kikubaaqudgha.
             Slain by a kobold
             ... wielding a +0 dagger
              (1 damage)
             ... on level 1 of the Dungeon.
             The game lasted 00:00:42 (234 turns).

Lanoc the Bolt Thrower (Kobold Hunter)               Turns: 234, Time: 00:00:42

Health: 0/18       AC:  3    Str:  9    XL:     2   Next: 20%
Magic:  2/2        EV: 14    Int: 12    God:    Kikubaaqudgha [*.....]
Gold:   0          SH:  0    Dex: 15    Spells: 1/1 levels left

rFire    . . .     SeeInvis .   b - +0 short sword
rCold    . . .     Faith    .   (shield restricted)
rNeg     . . .     Spirit   .   c - +0 leather armour
rPois    .         Reflect  .   (no helmet)
rElec    .         Harm     .   (no cloak)
rCorr    .         Rampage  .   (no gloves)
Will     .....                  (no boots)
Stlth    +++.......             (no amulet)
HPRegen  0.06/turn              (no ring)
MPRegen  0.08/turn              (no ring)

@: no status effects
A: small, no large weapons, nightstalker 3
a: Renounce Religion, Receive Corpses


You were on level 1 of the Dungeon.
You worshipped Kikubaaqudgha.
Kikubaaqudgha was aware of your devotion.
You visited 1 branch of the dungeon, and saw 1 of its levels.

Inventory:

Hand Weapons
 a - a +1 hand crossbow
 b - a +0 short sword (weapon)
Missiles
 d - 20 bolts
Armour
 c - a +0 leather armour (worn)


   Skills:
 + Level 2.3 Fighting
 * Level 5.1 Crossbows
 + Level 2.6 Dodging
 + Level 1.7 Stealth


You had one spell level left.
You didn't know any spells.
Your spell library contained the following spells:

 Spells                   Type           Power      Damage    Failure   Level
 Animate Skeleton         Necr           0%         N/A       43%         1
 Apportation              Tloc           0%         N/A       43%         1
 Corona                   Hex            0%         N/A       43%         1
 Pain                     Necr           0%         1d4       43%         1
 Summon Small Mammal      Summ           0%         N/A       43%         1
 Corpse Rot               Necr/Air       N/A        N/A       56%         2
 Sublimation of Blood     Necr           0%         N/A       56%         2
 Vampiric Draining        Necr           0%         2d6       80%         3


Dungeon Overview and Level Annotations

Branches:
Dungeon (1/15)

Altars:
Kikubaaqudgha


Innate Abilities, Weirdness & Mutations

You are small and have problems with some larger weapons.
You are completely attuned to the shadows.


Message History

The giant cockroach is heavily wounded.
The kobold hits you with a +0 dagger. The giant cockroach misses you.
You are too injured to fight recklessly!
You are too injured to fight recklessly!
You are too injured to fight recklessly!
You are too injured to fight recklessly!
You are too injured to fight recklessly!
You are too injured to fight recklessly!
You are too injured to fight recklessly!
You are too injured to fight recklessly!
You are too injured to fight recklessly!
You are too injured to fight recklessly!
You hit the giant cockroach but do no damage.
The giant cockroach is heavily wounded.
The giant cockroach misses you. The kobold barely misses you.
The giant cockroach misses you. The kobold hits you with a +0 dagger.
You barely miss the giant cockroach.
The giant cockroach is heavily wounded.
The giant cockroach bites you but does no damage.
The kobold hits you but does no damage.
Your leather armour prevents you from hitting the giant cockroach.
The giant cockroach is heavily wounded.
The giant cockroach completely misses you.
The kobold misses you.
You hit the giant cockroach but do no damage.
The giant cockroach is heavily wounded.
The giant cockroach closely misses you. The kobold hits you with a +0 dagger.
* * * LOW HITPOINT WARNING * * *
The giant cockroach barely misses you.
You hit the giant cockroach.
The giant cockroach is severely wounded.
The kobold hits you with a +0 dagger.
* * * LOW HITPOINT WARNING * * *
The giant cockroach bites you.
* * * LOW HITPOINT WARNING * * *
You barely miss the giant cockroach.
The giant cockroach is severely wounded.
The giant cockroach misses you. The kobold hits you with a +0 dagger.
You die...
Kikubaaqudgha rasps: "You have failed me!
Welcome... death!"

##### #.#
...##.#
######.#.#
....#....#
.......#.##
##.....##.##
##..#.###.###.
#...#.# #....#
###@#.# #.#.##
#.B.K.#
#.#.####
####..#
#....#.##
....#..#..#.##
....#.##...#.#
....#....##
#.....#)##
......#
#####.#


You could see a giant cockroach and a kobold.

Vanquished Creatures
  A goblin (D:1)
  3 kobolds (D:1)
  A quokka (D:1)
  A ball python (D:1)
  A bat (D:1)
  A frilled lizard (D:1)
  2 rats (D:1)
10 creatures vanquished.

Notes
Turn   | Place    | Note
-------+----------+-------------------------------------------
     0 | D:1      | Lanoc the Kobold Hunter began the quest for the Orb.
     0 | D:1      | Reached XP level 1. HP: 12/12 MP: 1/1
    81 | D:1      | Found a faded altar of an unknown god.
    85 | D:1      | Became a worshipper of Kikubaaqudgha
    85 | D:1      | Reached * piety under Kikubaaqudgha
    85 | D:1      | Identified Kikubaaqudgha's Incunabulum of Black Arts
                  | (Kikubaaqudgha gifted it to you on level 1 of the Dungeon)
    85 | D:1      | Received a gift from Kikubaaqudgha
   159 | D:1      | Reached skill level 5 in Crossbows
   176 | D:1      | Reached XP level 2. HP: 18/18 MP: 2/2
   234 | D:1      | Slain by a kobold

Illustrated notes

Levels and vault maps discovered:
D:1:      co_arrival_square_in_a_square_in_a_square, layout_loops_ring,
          basic_ecumenical_altar, hangedman_glass_teeth,
          chequers_serial_rivers_micro_e, minmay_worlds_worst_comb

Skill      XL: |  1 |
---------------+----+-----
Crossbows      | 5 |  5.1
Fighting       | |  2.3
Dodging        | |  2.6
Stealth        | |  1.7

Action                   || total
-------------------------++-------
Melee: Short sword       ||    30
 Stab: Sleeping          ||     5
Armor: Leather armour    ||     4
Dodge: Dodged            ||    32

Table legend: (Time is in decaauts)
 A = Elapsed time spent in this place.
 B = Non-inter-level travel time spent in this place.
 C = Inter-level travel time spent in this place.
 D = Time resting spent in this place.
 E = Time spent auto-exploring this place.
 F = Levels seen in this place.
 G = Mean time per level.
                   A        B        C        D        E       F      G
               +--------+--------+--------+--------+--------+-----+--------+
         Total |    236 |    236 |      0 |      0 |    162 |   1 |  236.0 |
       Dungeon |    236 |    236 |      0 |      0 |    162 |   1 |  236.0 |
               +--------+--------+--------+--------+--------+-----+--------+

Top non-repeatable levels by time:
     D:1: 236 daAuts
